 Dungeon Crawl Stone Soup version 0.29.0-4-gdea44cf6ec (webtiles) character file.

Game seed: 1270154398716080686

2104 qw the Grappler (level 9, -1/85 HPs)
             Began as a Troll Cinder Acolyte on Sept 2, 2022.
             Was a High Priest of Ignis.
             Slain by a killer bee (6 damage)
             ... on level 7 of the Dungeon.
             The game lasted 00:02:40 (5662 turns).

qw the Grappler (Troll Cinder Acolyte)              Turns: 5662, Time: 00:02:40

Health: -1/85      AC: 18    Str: 28    XL:     9   Next: 7%
Magic:  9/9        EV:  9    Int: 10    God:    Ignis [*****.]
Gold:   394        SH:  0    Dex:  5    Spells: 10/10 levels left

rFire   + . .      SeeInvis .     - Unarmed
rCold   . . .      Faith    .   (no shield)
rNeg    . . .      Spirit   .   a - +0 robe
rPois   .          Reflect  .   e - +0 hat of Fietif {Will+}
rElec   .          Harm     .   p - +2 cloak
rCorr   .          Rampage  .   (gloves unavailable)
Will    ++...                   (boots unavailable)
Stlth   +.........              (no amulet)
HPRegen 1.04/turn               k - +4 ring of protection
MPRegen 0.11/turn               m - ring of willpower

@: lethally poisoned (-1 -> -13), about to teleport, fiery-armoured
A: large, unfitting armour, claws 3, regeneration 1, shaggy fur 1, tough skin 1
a: Renounce Religion, Fiery Armour, Foxfire Swarm, Rising Flame


You were on level 7 of the Dungeon.
You worshipped Ignis.
Ignis was extremely pleased with you.
You visited 1 branch of the dungeon, and saw 7 of its levels.

You collected 394 gold pieces.


Innate Abilities, Weirdness & Mutations

You are too large for most types of armour.
You have claws for hands.
Your natural rate of healing is unusually fast.
You are covered in fur. (AC +1)
You have tough skin. (AC +1)


   Skills:
 - Level 4.5 Fighting
 - Level 3.1 Throwing
 - Level 1.8 Dodging
 + Level 10.5 Unarmed Combat
 - Level 1.0 Spellcasting
 - Level 2.1 Fire Magic


You had 10 spell levels left.
You didn't know any spells.
Your spell library contained the following spells:

 Spells                   Type           Power      Damage    Failure   Level
 Scorch                   Fire           8%         2d5       22%         2

Inventory:

Missiles
 b - 2 silver boomerangs
 j - 3 large rocks (quivered)
Armour
 a - a +0 robe (worn)
 e - the +0 hat of Fietif (worn) {Will+}
   (You acquired it on level 5 of the Dungeon)

   Will:      It increases your willpower.
 p - a +2 cloak (worn)
Jewellery
 k - a +4 ring of protection (left claw)
 m - a ring of willpower (right claw)
Scrolls
 d - 5 scrolls of identify
 l - 2 scrolls of enchant armour
Potions
 c - a potion of cancellation
 f - a potion of mutation
 g - 2 potions of curing
 h - 3 potions of heal wounds
 i - a potion of might {unknown}

Dungeon Overview and Level Annotations

Branches:
Dungeon (7/15)             Temple (0/1) D:5

Altars:
Cheibriados
Elyvilon
Fedhas
Qazlal
Trog
Uskayaw
Wu Jian

Shops:
D:2 [


Message History

The killer bee stings you.
You are more poisoned.
The killer bee poisons you!
The killer bee is burned by your cloak of flames.
The killer bee is heavily wounded.
The killer bee stings you but does no damage.
The killer bee is burned by your cloak of flames.
The killer bee is almost dead.
The killer bee closely misses you.
The killer bee stings you but does no damage.
The killer bee is burned by your cloak of flames.
The killer bee is heavily wounded.
You miss the killer bee.
The killer bee is almost dead.
You feel sick.
The killer bee stings you but does no damage.
The killer bee is burned by your cloak of flames.
The killer bee is heavily wounded.
The killer bee stings you.
You are more poisoned.
The killer bee poisons you!
The killer bee is burned by your cloak of flames.
The killer bee is severely wounded.
The killer bee stings you!
The killer bee is burned by your cloak of flames.
You kill the killer bee!
The killer bee stings you but does no damage.
The killer bee is burned by your cloak of flames.
The killer bee is almost dead.
5662 ||| READING scroll of teleportation.
As you read the scroll of teleportation, it crumbles to dust.
You feel strangely unstable.
You feel very sick. The killer bee barely misses you.
The killer bee stings you.
You are more poisoned.
The killer bee poisons you!
The killer bee is burned by your cloak of flames.
You kill the killer bee!
The killer bee stings you.
You die...

..>......
#...##....
#......... #### #
.......... ..##
.#### ..........
... ##....#
#.....#. #..
....... ..#... #.#
....... ### .#
...####.###.......
... .
..ยค.Y..@y.$.......
....
.......y%.........
..##
..#####.##########
.... #.# >#.. #.#
.. #.# .. #.# #.#


You could see a sky beast and 2 killer bees.

Vanquished Creatures
  A hornet (D:7)
  A steam dragon (D:5)
  2 orc warriors (D:7)
  An ice beast (D:6)
  An ogre (D:4)
  A centaur (D:7)
  A phantom (D:6)
  2 necrophages
  A scorpion (D:5)
  4 killer bees (D:7)
  3 jellies
  4 hounds
  4 orc priests
  4 iguanas
  11 orc wizards
  7 adders
  4 gnolls (D:3)
  A shadow imp (D:7)
  2 white imps
  An ufetubus (D:5)
  2 dart slugs (D:2)
  26 orcs
  3 bats
  4 endoplasms
  5 giant cockroaches
  4 goblins
  5 hobgoblins
  2 jackals (D:1)
  7 quokkas
  5 ball pythons
  3 frilled lizards
  11 kobolds
  9 rats
142 creatures vanquished.

Notes
Turn   | Place    | Note
-------+----------+-------------------------------------------
     0 | D:1      | qw the Troll Cinder Acolyte began the quest for the Orb.
     0 | D:1      | Reached XP level 1. HP: 22/22 MP: 1/1
     0 | D:1      | 0 ||| qw: Version: 0.1-a-97-g2dd2ca4
     0 | D:1      | 0 ||| qw: Game counter: 4920
     0 | D:1      | 0 ||| qw: Always use a shield: true
     0 | D:1      | 0 ||| qw: God list: Okawaru
     0 | D:1      | 0 ||| qw: Allow faded altars: false
     0 | D:1      | 0 ||| qw: Do Orc after D:15 true
     0 | D:1      | 0 ||| qw: Do second Lair branch before Depths: true
     0 | D:1      | 0 ||| qw: Lair rune preference: random
     0 | D:1      | 0 ||| qw: Plans: Normal
     0 | D:1      | 0 ||| PLANNING D:1-11
    44 | D:1      | Reached XP level 2. HP: 27/29 MP: 2/2
   171 | D:1      | Reached skill level 4 in Unarmed Combat
   285 | D:1      | 285 ||| Stepping ~*~*~tactically~*~*~ (outnumbered).
   571 | D:1      | Reached XP level 3. HP: 35/36 MP: 3/3
   665 | D:1      | 665 ||| READING 2 scrolls labelled LUDOLA DOL.
   666 | D:1      | 666 ||| READING scroll labelled XEFEKHLORES.
   667 | D:1      | 667 ||| READING scroll labelled CETA FYRUTZ.
   668 | D:1      | 668 ||| READING scroll labelled RAOKOUR ZAUL.
   853 | D:2      | Found Leddoxoj's Armour Shoppe.
   914 | D:2      | Found a bloodstained altar of Trog.
  1132 | D:2      | Found a faded altar of an unknown god.
  1263 | D:2      | 1263 ||| READING scroll labelled FIUTHA HISSELE.
  1266 | D:2      | 1266 ||| READING scroll labelled AMAPLI ENOL.
  1267 | D:2      | 1267 ||| READING scroll labelled PIEJIS LALEREY.
  1285 | D:2      | 1285 ||| DRINKING 2 blue potions.
  1390 | D:2      | 1390 ||| READING 2 scrolls of identify.
  1390 | D:2      | 1390 ||| IDENTIFYING murky amethyst potion
  1391 | D:2      | 1391 ||| DROPPING potion of berserk rage.
  1392 | D:2      | 1392 ||| DROPPING potion of attraction.
  1759 | D:3      | Found a blossoming altar of Fedhas.
  1762 | D:3      | Found a white marble altar of Elyvilon.
  1772 | D:3      | Reached XP level 4. HP: 44/44 MP: 4/4
  1804 | D:3      | 1804 ||| Stepping ~*~*~tactically~*~*~ (hiding).
  1813 | D:3      | Reached skill level 5 in Unarmed Combat
  2101 | D:3      | 2101 ||| Stepping ~*~*~tactically~*~*~ (outnumbered).
  2117 | D:3      | 2117 ||| INVOKING Fiery Armour.
  2126 | D:3      | Reached XP level 5. HP: 33/50 MP: 5/5
  2173 | D:3      | 2173 ||| READING scroll labelled UGGOCYI MOMM.
  2174 | D:3      | 2174 ||| READING scroll labelled OQEUDO HYURPHU.
  2175 | D:3      | 2175 ||| DRINKING 2 lumpy clear potions.
  2176 | D:3      | 2176 ||| READING 2 scrolls of identify.
  2176 | D:3      | 2176 ||| IDENTIFYING puce potion
  2266 | D:4      | Found an ornate altar of the Wu Jian Council.
  2296 | D:4      | Found a hide-covered altar of Uskayaw.
  2345 | D:4      | Reached skill level 6 in Unarmed Combat
  2586 | D:4      | 2586 ||| Stepping ~*~*~tactically~*~*~ (stealth).
  2590 | D:4      | 2590 ||| UPGRADING to +4 ring of protection.
  2591 | D:4      | 2591 ||| UPGRADING to ring of willpower.
  2598 | D:4      | Reached XP level 6. HP: 58/59 MP: 6/6
  3009 | D:4      | Reached skill level 7 in Unarmed Combat
  3037 | D:4      | Found a stormy altar of Qazlal.
  3037 | D:4      | Found a snail-covered altar of Cheibriados.
  3107 | D:4      | 3107 ||| READING scroll labelled NOKHAF NUYSK.
  3108 | D:4      | 3108 ||| READING 2 scrolls of identify.
  3108 | D:4      | 3108 ||| IDENTIFYING yellow potion
  3109 | D:4      | 3109 ||| DROPPING potion of brilliance.
  3154 | D:5      | Entered Level 5 of the Dungeon
  3213 | D:5      | Reached XP level 7. HP: 66/66 MP: 7/7
  3244 | D:5      | Found a staircase to the Ecumenical Temple.
  3418 | D:5      | Reached skill level 8 in Unarmed Combat
  3639 | D:5      | Noticed a steam dragon
  3650 | D:5      | Killed a steam dragon
  3651 | D:5      | Reached skill level 3 in Fighting
  3762 | D:5      | 3762 ||| Stepping ~*~*~tactically~*~*~ (hiding).
  3766 | D:5      | 3766 ||| INVOKING Fiery Armour.
  3779 | D:5      | Reached skill level 3 in Throwing
  4240 | D:5      | 4240 ||| READING scroll labelled RAVIAT DEOJU.
  4240 | D:5      | Identified a scroll of acquirement
  4240 | D:5      | 4240 ||| ACQUIRING +0 hat of Fietif {Will+}
  4240 | D:5      | Acquired the +0 hat of Fietif {Will+}
  4242 | D:5      | 4242 ||| UPGRADING to +0 hat of Fietif {Will+}.
  4247 | D:5      | 4247 ||| DRINKING 3 sapphire potions.
  4248 | D:5      | 4248 ||| READING 3 scrolls of identify.
  4248 | D:5      | 4248 ||| IDENTIFYING pink potion
  4249 | D:5      | 4249 ||| READING 2 scrolls of identify.
  4249 | D:5      | 4249 ||| IDENTIFYING grey potion
  4250 | D:5      | 4250 ||| DROPPING potion of ambrosia.
  4372 | D:6      | Reached XP level 8. HP: 70/76 MP: 8/8
  4550 | D:6      | 4550 ||| Stepping ~*~*~tactically~*~*~ (hiding).
  5005 | D:6      | Reached skill level 9 in Unarmed Combat
  5202 | D:6      | Reached skill level 1 in Dodging
  5302 | D:6      | 5302 ||| FLEEEEING.
  5303 | D:6      | 5303 ||| FLEEEEING.
  5310 | D:6      | 5310 ||| Stepping ~*~*~tactically~*~*~ (hiding).
  5420 | D:6      | 5420 ||| UPGRADING to +0 cloak.
  5425 | D:6      | 5425 ||| READING 4 scrolls of enchant armour.
  5425 | D:6      | 5425 ||| ENCHANTING +0 cloak.
  5426 | D:6      | 5426 ||| READING 3 scrolls of enchant armour.
  5426 | D:6      | 5426 ||| ENCHANTING +1 cloak.
  5427 | D:6      | 5427 ||| READING scroll labelled SYOXEJ BUENO.
  5428 | D:6      | 5428 ||| DRINKING 2 fuming emerald potions.
  5429 | D:6      | 5429 ||| DROPPING potion of invisibility.
  5485 | D:7      | 5485 ||| Stepping ~*~*~tactically~*~*~ (hiding).
  5487 | D:7      | 5487 ||| Stepping ~*~*~tactically~*~*~ (hiding).
  5589 | D:7      | 5589 ||| INVOKING Fiery Armour.
  5591 | D:7      | Noticed a hornet
  5595 | D:7      | 5595 ||| Stepping ~*~*~tactically~*~*~ (outnumbered).
  5597 | D:7      | 5597 ||| Stepping ~*~*~tactically~*~*~ (outnumbered).
  5598 | D:7      | 5598 ||| Stepping ~*~*~tactically~*~*~ (outnumbered).
  5608 | D:7      | Reached skill level 10 in Unarmed Combat
  5609 | D:7      | Killed a hornet
  5610 | D:7      | 5610 ||| Stepping ~*~*~tactically~*~*~ (outnumbered).
  5616 | D:7      | 5616 ||| Stepping ~*~*~tactically~*~*~ (outnumbered).
  5617 | D:7      | 5617 ||| Stepping ~*~*~tactically~*~*~ (outnumbered).
  5618 | D:7      | 5618 ||| Stepping ~*~*~tactically~*~*~ (outnumbered).
  5619 | D:7      | 5619 ||| Stepping ~*~*~tactically~*~*~ (outnumbered).
  5621 | D:7      | 5621 ||| Stepping ~*~*~tactically~*~*~ (outnumbered).
  5622 | D:7      | 5622 ||| Stepping ~*~*~tactically~*~*~ (outnumbered).
  5623 | D:7      | 5623 ||| Stepping ~*~*~tactically~*~*~ (outnumbered).
  5624 | D:7      | 5624 ||| Stepping ~*~*~tactically~*~*~ (outnumbered).
  5625 | D:7      | 5625 ||| Stepping ~*~*~tactically~*~*~ (outnumbered).
  5626 | D:7      | 5626 ||| Stepping ~*~*~tactically~*~*~ (outnumbered).
  5630 | D:7      | 5630 ||| Stepping ~*~*~tactically~*~*~ (outnumbered).
  5631 | D:7      | 5631 ||| Stepping ~*~*~tactically~*~*~ (outnumbered).
  5632 | D:7      | 5632 ||| Stepping ~*~*~tactically~*~*~ (outnumbered).
  5632 | D:7      | HP: 15/79 [orc/+0 hand axe (6)]
  5633 | D:7      | 5633 ||| READING 3 scrolls of teleportation.
  5634 | D:7      | 5634 ||| DRINKING 5 potions of heal wounds.
  5635 | D:7      | 5635 ||| Stepping ~*~*~tactically~*~*~ (outnumbered).
  5636 | D:7      | 5636 ||| Stepping ~*~*~tactically~*~*~ (outnumbered).
  5637 | D:7      | 5637 ||| Stepping ~*~*~tactically~*~*~ (outnumbered).
  5640 | D:7      | 5640 ||| Stepping ~*~*~tactically~*~*~ (outnumbered).
  5641 | D:7      | 5641 ||| Stepping ~*~*~tactically~*~*~ (outnumbered).
  5643 | D:7      | 5643 ||| Stepping ~*~*~tactically~*~*~ (outnumbered).
  5644 | D:7      | 5644 ||| Stepping ~*~*~tactically~*~*~ (outnumbered).
  5645 | D:7      | 5645 ||| Stepping ~*~*~tactically~*~*~ (outnumbered).
  5646 | D:7      | 5646 ||| Stepping ~*~*~tactically~*~*~ (outnumbered).
  5647 | D:7      | 5647 ||| Stepping ~*~*~tactically~*~*~ (outnumbered).
  5648 | D:7      | HP: 16/79 [orc warrior/+0 dire flail (11)]
  5649 | D:7      | 5649 ||| READING 2 scrolls of teleportation.
  5649 | D:7      | HP: 2/79 [orc warrior/+0 dire flail (15)]
  5650 | D:7      | 5650 ||| DRINKING 4 potions of heal wounds.
  5652 | D:7      | Reached XP level 9. HP: 30/85 MP: 9/9
  5655 | D:7      | 5655 ||| Stepping ~*~*~tactically~*~*~ (outnumbered).
  5656 | D:7      | 5656 ||| Stepping ~*~*~tactically~*~*~ (outnumbered).
  5658 | D:7      | 5658 ||| Stepping ~*~*~tactically~*~*~ (outnumbered).
  5661 | D:7      | HP: 15/85 [killer bee (7)]
  5662 | D:7      | 5662 ||| READING scroll of teleportation.
  5662 | D:7      | HP: 5/85 [killer bee (6)]
  5662 | D:7      | Slain by a killer bee

Levels and vault maps discovered:
D:1:      lemuel_arrival_rhombus, layout_basic, chequers_serial_rivers_micro_a,
          nicolae_titane
D:2:      layout_rooms, serial_shops, nicolae_shop_crystal, basic_altar,
          ebering_ecumenical_altar_mist
D:3:      layout_loops_ring, grunt_temple_overflow_open,
          amcnicky_mini_rare_corridor_liquid
D:4:      layout_loops_ring, nicolae_overflow_two_pavilions,
          mainiacjoe_overflow_catwalk_spiral,
          nicolae_concentric_dashed_squares_wild
D:5:      layout_layer_cave, minmay_temple_entry_stoned_glass,
          due_unseen_surprise
D:6:      layout_loops_corners
D:7:      layout_rooms, minmay_misc_feat_room

Skill      XL: |  1  2  3  4  5  6  7  8 |
---------------+-------------------------+-----
Unarmed Combat | 4 5 6 7 8 10 | 10.5
Throwing       | 2 3 |  3.1
Fighting       | 3 4 |  4.5
Dodging        | 1 |  1.8
Spellcasting   | |  1.0
Fire Magic     | |  2.1

Action                   |  1- 3 |  4- 6 |  7- 9 || total
-------------------------+-------+-------+-------++-------
Melee: Unarmed           |   123 |    85 |   124 ||   332
       Punch             |       |     3 |     3 ||     6
Throw: Boomerang         |     9 |    15 |       ||    24
       Large rock        |       |    20 |    25 ||    45
Invok: Fiery Armour      |       |     1 |     2 ||     3
  Use: Scroll            |     8 |     5 |     9 ||    22
       Potion            |     1 |     1 |     4 ||     6
Armor: Robe              |    34 |    26 |    77 ||   137
Dodge: Dodged            |    44 |    30 |    65 ||   139

Table legend:
 A = Non-vault XP
 B = Vault XP
 C = Vault XP percentage of total XP
 D = Non-vault monster count
 E = Vault monster count
 F = Vault count percentage of total count
                 A         B        C        D         E       F
            +---------+---------+-------+---------+---------+-------
      Total |    3070 |       0 |   0.0 |     142 |       0 |   0.0
            +---------+---------+-------+---------+---------+-------
        D:1 |      42 |       0 |   0.0 |      27 |       0 |   0.0
        D:2 |      45 |       0 |   0.0 |      18 |       0 |   0.0
        D:3 |     139 |       0 |   0.0 |      21 |       0 |   0.0
        D:4 |     370 |       0 |   0.0 |      16 |       0 |   0.0
        D:5 |     752 |       0 |   0.0 |      17 |       0 |   0.0
        D:6 |     555 |       0 |   0.0 |      19 |       0 |   0.0
        D:7 |    1167 |       0 |   0.0 |      24 |       0 |   0.0
            +---------+---------+-------+---------+---------+-------
